 Dungeon Crawl Stone Soup version 0.29.1-15-g9cfb28693d (webtiles) character file.

Game seed: 14227763437257313533

2 NamelessAdventurer the Vexing (level 1, -1/7 HPs)
             Began as a Felid Enchanter on Apr 12, 2023.
             Frozen to death by an endoplasm (5 damage)
             ... on level 1 of the Dungeon.
             The game lasted 00:00:53 (188 turns).

NamelessAdventurer the Vexing (Felid Enchanter)      Turns: 188, Time: 00:00:53

Health: -1/7       AC:  1    Str:  4    XL:     1   Next: 33%
Magic:  4/4        EV: 17    Int: 16    God:
Gold:   13         SH:  0    Dex: 16    Spells: 4/4 levels left
                                        Lives:  0   Deaths: 0

rFire   . . .      SeeInvis +     - Unarmed
rCold   . . .      Faith    .   (shield unavailable)
rNeg    . . .      Spirit   .   (body armour unavailable)
rPois   .          Reflect  .   (helmet unavailable)
rElec   .          Harm     .   (cloak unavailable)
rCorr   .          Rampage  .   (gloves unavailable)
Will    .....                   (boots unavailable)
Stlth   +++.......              (no amulet)
HPRegen 0.02/turn               (no ring)
MPRegen 0.09/turn               (no ring)

@: quick
A: very small, claws 1, fangs 3, see invisible, speed 1, shaggy fur 1, stealthy
paws, no weapons or thrown items, no armour, multi-lived
a: no special abilities


You were on level 1 of the Dungeon.
You visited 1 branch of the dungeon, and saw 1 of its levels.

You collected 13 gold pieces.

Inventory:

Scrolls
 c - a scroll of noise
 d - a scroll of teleportation
Potions
 a - 2 potions of invisibility
 b - a potion of haste {unknown}
 e - a potion of berserk rage {unknown}


   Skills:
 * Level 2.7 Dodging
 * Level 4.1 Stealth
 * Level 1.1 Unarmed Combat
 * Level 2.0 Spellcasting
 * Level 4.4 Hexes


You had 4 spell levels left.
You didn't know any spells.
Your spell library contained the following spells:

 Spells                   Type           Power      Damage    Failure   Level
 Confusing Touch          Hex            15%        N/A       10%         3
 Tukima's Dance           Hex            15%        N/A       10%         3
 Ensorcelled Hibernation  Hex/Ice        16%        N/A       13%         2
 Beastly Appendage        Tmut           2%         N/A       21%         1
 Dazzling Flash           Conj/Hex       16%        N/A       26%         3
 Scorch                   Fire           2%         2d5       30%         2
 Wereblood                Tmut           1%         N/A       30%         2
 Spider Form              Tmut/Pois      1%         N/A       52%         3
 Death's Door             Necr           0%         N/A       100%        9
 Fire Storm               Conj/Fire      0%         6d1       100%        9


Dungeon Overview and Level Annotations

Branches:
Dungeon (1/15)

Altars:


Innate Abilities, Weirdness & Mutations

You have sharp claws.
You have razor-sharp teeth.
You have supernaturally acute eyesight. (SInv)
You cover ground quickly. (Speed+)
You are covered in fur. (AC +1)
Your paws help you pounce on unaware monsters.
You are incapable of wielding weapons or throwing items.
You cannot wear armour.
You gain extra lives every three experience levels.


Message History

You see here 9 gold pieces.
You see here 9 gold pieces.
You now have 13 gold pieces (gained 9).
The helpless rat fails to defend itself.
You claw the rat!
You kill the rat!
You see here a rat corpse.
A bat comes into view.
You see here a scroll labelled OBANNI AMANT.
You see here a rat corpse.
You see here a rat corpse.
You see here a scroll labelled OBANNI AMANT.
You pounce on the unaware helpless bat!
You claw the bat!
You kill the bat!
c - 2 scrolls labelled OBANNI AMANT (gained 1)
You see here a rat corpse.
f - a scroll labelled TONLEBL IDGHOGA
As you read the scroll labelled OBANNI AMANT, it crumbles to dust.
You hear a loud clanging noise!
It was a scroll of noise.
You hear a shout!
As you read the scroll labelled TONLEBL IDGHOGA, it crumbles to dust.
It is a scroll of identify.
d - a scroll of teleportation An endoplasm comes into view.
The endoplasm quivers.
The endoplasm misses you.
You completely miss the endoplasm. The endoplasm hits you.
You scratch the endoplasm.
The endoplasm is moderately wounded.
You scratch the endoplasm.
The endoplasm is heavily wounded.
The endoplasm freezes you.
You are frozen.
You scratch the endoplasm but do no damage.
The endoplasm is heavily wounded.
The endoplasm freezes you.
You are frozen.
Ouch! That really hurt!
You die...

##### ...>. #.#.#
####### #.#.# ≈≈≈≈≈≈#
#J#.# ≈####≈#
..#####@..# # ##.8#≈#
..........#.#.# .+..#≈##
#######.......# ##+##≈..
#....#..##.### .#.#≈≈.#
#.......# ..
.#.#≈≈.#######...#######
.+.#≈≈....#..........#
.#.#≈≈###.#..........#
.#.#≈≈# #.##..#.####.#


You could see an endoplasm.

Vanquished Creatures
  A ball python (D:1)
  A bat (D:1)
  A rat (D:1)
3 creatures vanquished.

Notes
Turn   | Place    | Note
-------+----------+-------------------------------------------
     0 | D:1      | NamelessAdventurer the Felid Enchanter began the quest for
                  | the Orb.
     0 | D:1      | Reached XP level 1. HP: 7/7 MP: 4/4
    80 | D:1      | Got Sif Muna's Excursus on Molten Evil
   188 | D:1      | Frozen to death by an endoplasm

Illustrated notes

Levels and vault maps discovered:
D:1:      heliophobic_arrival_glass_houses, layout_basic

Action                   || total
-------------------------++-------
Melee: Unarmed           ||     8
       Bite              ||     1
  Use: Scroll            ||     2
 Stab: Sleeping          ||     2
Dodge: Dodged            ||     5
